 Dungeon Crawl Stone Soup version 0.19.0-19-g8c6edcc (webtiles) character file.

35550 Chiseanne the Nimble (level 13, -2/73 HPs)
             Began as a Spriggan Monk on Nov 13, 2016.
             Was a Believer of Elyvilon.
             Killed from afar by a lindwurm (42 damage)
             ... with a blast of flame
             ... on level 15 of the Dungeon.
             The game lasted 01:04:12 (18702 turns).

Chiseanne the Nimble (Spriggan Monk)               Turns: 18702, Time: 01:04:13

Health: -2/73      AC:  4    Str: 12    XL:     13   Next: 48%
Magic:  17/24      EV: 33    Int: 16    God:    Elyvilon [**....]
Gold:   940        SH:  0    Dex: 22    Spells: 4 memorised, 7 levels left

rFire  . . .     SeeInvis +     a - +9 spear of Fundamental Breach {venom, -Tele Str+2 Dex+2}
rCold  . . .     Gourm    .     b - +2 robe
rNeg   . . .     Faith    .     (shield restricted)
rPois  .         Spirit   .     (helmet restricted)
rElec  .         Reflect  .     (no cloak)
rCorr  .         Harm     .     (gloves unavailable)
MR     +++..     NoTele   +     (boots unavailable)
Stlth  +++.......               (no amulet)
                                L - +4 ring of intelligence
                                y - ring of protection from magic

@: flying, very quick
A: unfitting armour, see invisible, herbivore 3, speed 3, robust 1, slow
metabolism 2
a: Lesser Healing, Heal Other, Divine Protection, Renounce Religion


You were on level 15 of the Dungeon.
You worshipped Elyvilon.
Elyvilon was pleased with you.
You were hungry.

You visited 1 branch of the dungeon, and saw 15 of its levels.

You collected 1227 gold pieces.
You spent 287 gold pieces at shops.

Inventory:

Hand Weapons
 a - the +9 spear of Fundamental Breach (weapon) {venom, -Tele Str+2 Dex+2}
   (You found it on level 9 of the Dungeon)

   It poisons the flesh of those it strikes.
   It affects your strength (+2).
   It affects your dexterity (+2).
   It prevents most forms of teleportation.
 w - a +1 hand crossbow of flaming
Missiles
 d - 56 bolts
 k - 48 poisoned needles
Armour
 b - a +2 robe (worn)
Jewellery
 y - a ring of protection from magic (left hand)
 L - a +4 ring of intelligence (right hand)
Wands
 i - a wand of lightning (4/15)
 l - a wand of paralysis (13/24)
 x - a wand of lightning (9/15)
 z - a wand of hasting (4/9)
 B - a wand of digging (13/24)
 C - a wand of iceblast (2/15)
 D - a wand of iceblast (8/15)
 G - a wand of iceblast (8/15)
 K - a wand of iceblast (6/15)
Scrolls
 e - 3 scrolls of recharging
 f - 4 scrolls of magic mapping
 h - 7 scrolls of remove curse
 j - a scroll of identify
 A - a scroll of fog
 E - a scroll of fear
 I - 2 scrolls of teleportation
Potions
 g - a potion of cure mutation
 m - 5 potions of curing
 n - a potion of lignification
 t - a potion of flight
 N - 3 potions of cancellation
Books
 o - the Grimoire of Boosting Translocation
   (You found it on level 15 of the Dungeon)

   Spells                             Type                      Level
   a - Regeneration                   Charms/Necromancy            3
   b - Spectral Weapon                Hexes/Charms                 3
   c - Recall                         Summoning/Translocation      3
   d - Disjunction                    Translocation                8
Comestibles
 c - 7 bread rations


   Skills:
 - Level 7.2 Fighting
   Level 3.2 Short Blades
 - Level 12.4 Crossbows
 - Level 14.5 Dodging
 - Level 3.0 Stealth
 * Level 3.7 Spellcasting
 * Level 3.4 Hexes
 - Level 13.8 Invocations


You had 7 spell levels left.
You knew the following spells:

 Your Spells              Type           Power        Failure   Level  Hunger
a - Ozocubu's Armour      Chrm/Ice       #.......     65%         3    ###....
b - Confuse               Hex            ##......     14%         3    ###....
c - Dazzling Spray        Conj/Hex       #.....       28%         3    ###....
d - Tukima's Dance        Hex            ##......     14%         3    ###....


Dungeon Overview and Level Annotations

Branches:
Dungeon (15/15)            Temple (0/1) D:5            Lair (0/6) D:10
    Orc (0/2) D:9          Vaults (0/5) D:13         Depths (0/5) D:15

Altars:
Elyvilon
Fedhas
Hepliaklqana
Makhleb
Qazlal
Sif Muna
Trog
Uskayaw
Vehumet
Yredelemnul
Zin

Shops:
D:5 !   D:6 (   D:7 *   D:8 %   D:12 }


Innate Abilities, Weirdness & Mutations

You are very small and have problems with some larger weapons.
You are too small for most types of armour.
You have supernaturally acute eyesight. (SInv)
You are a herbivore.
You cover ground extremely quickly.
You need consume almost no food.
You are robust. (+10% HP)


Message History

The lindwurm claws something but does no damage.
The lindwurm barely misses something.
The lindwurm bites something.
The lindwurm claws something. x2
The blast of flame hits the lindwurm.
A blast of flame appears from out of your range of vision.
The lindwurm bites something but does no damage.
The lindwurm claws something. x2
Something bites the lindwurm.
Something claws the lindwurm!
Something claws the lindwurm.
The lindwurm bites something!
The lindwurm claws something but does no damage.
The lindwurm claws something.
The lindwurm roars!
You see here the Grimoire of Boosting Translocation.
o - the Grimoire of Boosting Translocation The lindwurm breathes flames at you.
The blast of flame hits you! The lindwurm breathes flames at you.
The blast of flame hits you!
Ouch! That really hurt!
You die...

# ##.........≈≈.........## #
#.......≈≈≈≈§§≈§§......# #
##...§.≈≈≈§§§≈≈§§§§.....##
######...§.≈≈≈≈≈≈§§§≈§≈≈≈.....#
..........≈§§≈≈≈§≈§§§§§≈§≈....#
###......§≈≈§§≈≈..§§§§≈≈§≈....###
..#....§.§≈§≈≈§..##...≈≈§§≈......
..#......≈§≈§≈..####..§§§≈≈......
..#....§§§§≈≈..#@)?.#..≈≈§≈§.....
..#.....≈§§≈≈.##!.<.##§≈≈§§≈.....
..'.....≈§§≈§.##$k)(##.§≈§≈§.....
..#......≈§≈§..#k$(.#..≈§§§§.....
..#......≈§§≈≈..####..§§§≈§......
..#......≈≈§≈≈...## ..≈≈§≈≈......
'##.......≈§§≈§≈.k§. ≈≈§§≈...####
..........≈§≈≈§§§§≈§ ≈≈≈§§...#...
...........≈≈≈§§§§§§§≈≈≈≈.§..#...


You could see 2 lindwurms.

Vanquished Creatures
  Frances (D:14)
  Snorg (D:12)
  A centaur warrior (D:13)
  A hydra (D:12)
  3 ogre magi (D:15)
  A tengu warrior (D:15)
  3 wizards (D:13)
  A lindwurm (D:15)
  Pikel (D:8)
  A necromancer (D:13)
  7 hill giants
  2 deep elf magi
  4 ugly things
  2 cyclopes
  2 gargoyles
  A kobold demonologist (D:12)
  A komodo dragon (D:15)
  A troll (shapeshifter) (D:13)
  3 slime creatures (D:12)
  5 two-headed ogres
  Prince Ribbit (D:6)
  5 hippogriffs
  4 yaks (D:14)
  A vampire (D:10)
  2 wyverns
  2 wraiths
  Eustachio (D:6)
  17 humans (D:13)
  Menkaure (D:4)
  A soldier ant (D:14)
  A water moccasin (D:6)
  3 orc warriors
  A sky beast (D:9)
  3 black bears
  4 ice beasts
  10 ogres
  4 phantoms
  7 centaurs
  An elf zombie (D:7)
  3 bullfrogs
  A gnoll sergeant (D:8)
  A water moccasin zombie (D:6)
  3 scorpions
  27 wights
  7 howler monkeys
  A bullfrog zombie (D:5)
  8 crimson imps
  3 human zombies (D:7)
  2 quasits
  3 centaur zombies
  4 orc priests
  3 centaur skeletons
  6 hounds
  5 jellies
  2 bullfrog skeletons
  8 orc wizards
  A human skeleton (D:7)
  5 iguanas
  8 worker ants
  2 mummies (D:7)
  A worker ant zombie (D:5)
  10 gnolls
  9 adders
  3 shadow imps
  An ooze (D:1)
  An adder skeleton (D:9)
  6 worms
  7 dart slugs
  4 leopard geckos
  43 orcs
  5 bats
  5 giant cockroaches
  6 goblins
  9 hobgoblins
  11 jackals
  9 kobolds
  5 quokkas
  3 ball pythons
  5 frilled lizards
  A quokka skeleton (D:10)
  9 rats
  A fungus (D:8)
368 creatures vanquished.

Vanquished Creatures (others)
  A hill giant (D:14)
  A lindwurm (D:15)
  3 ugly things (D:14)
  A two-headed ogre (D:14)
  A vampire mosquito (D:13)
  An ice beast (D:6)
  3 slaves (D:8)
  A bullfrog (D:13)
  A wight (D:8)
  A jelly (D:12)
  6 orcs
20 creatures vanquished.

Grand Total: 388 creatures vanquished

Notes
Turn   | Place    | Note
-------+----------+-------------------------------------------
     0 | D:1      | Chiseanne the Spriggan Monk began the quest for the Orb.
     0 | D:1      | Reached XP level 1. HP: 11/11 MP: 2/2
   408 | D:1      | Reached XP level 2. HP: 3/16 MP: 3/3
   982 | D:1      | Reached skill level 5 in Dodging
   995 | D:1      | Reached XP level 3. HP: 20/20 MP: 4/4
  1557 | D:2      | Found a white marble altar of Elyvilon.
  1565 | D:2      | Became a worshipper of Elyvilon the Healer
  1565 | D:2      | Reached * piety under Elyvilon
  1565 | D:2      | Reached ** piety under Elyvilon
  1934 | D:2      | Reached XP level 4. HP: 24/24 MP: 5/5
  2083 | D:2      | Found a hide-covered altar of Uskayaw.
  2346 | D:2      | Reached skill level 1 in Invocations
  2497 | D:2      | Gained mutation: You are robust. (+10% HP) [potion of beneficial mutation]
  3417 | D:4      | Reached XP level 5. HP: 31/31 MP: 7/7
  3570 | D:4      | Noticed an ogre
  3650 | D:4      | Reached skill level 6 in Dodging
  3697 | D:5      | Entered Level 5 of the Dungeon
  3912 | D:5      | Found a bloodstained altar of Trog.
  3950 | D:4      | Noticed Menkaure
  3952 | D:4      | Noticed a phantom
  4051 | D:4      | Reached XP level 6. HP: 33/36 MP: 6/9
  4342 | D:4      | Found a burning altar of Makhleb.
  4620 | D:4      | Killed Menkaure
  4620 | D:4      | Reached skill level 5 in Fighting
  4620 | D:4      | Reached XP level 7. HP: 7/42 MP: 0/11
  4957 | D:4      | Reached skill level 7 in Dodging
  5522 | D:5      | Found Soadic's Distillery.
  5549 | D:5      | Bought a potion of haste for 140 gold pieces
  5549 | D:5      | Bought a potion of mutation for 35 gold pieces
  5604 | D:5      | Found a staircase to the Ecumenical Temple.
  5798 | D:5      | Found a glowing silver altar of Zin.
  5927 | D:5      | HP: 2/42 [acid (6)]
  6808 | D:5      | Reached skill level 5 in Invocations
  6889 | D:6      | Noticed Prince Ribbit
  6925 | D:6      | Reached XP level 8. HP: 27/48 MP: 9/13
  6994 | D:6      | Noticed Eustachio
  7202 | D:6      | Reached skill level 8 in Dodging
  7280 | D:6      | Killed Prince Ribbit
  7337 | D:6      | Killed Eustachio
  7415 | D:6      | Found Reneazul's Weapon Boutique.
  7870 | D:7      | Found Dereyt's General Store.
  7879 | D:7      | Reached XP level 9. HP: 33/55 MP: 15/15
  7968 | D:7      | Bought a scroll of fog for 28 gold pieces
  7968 | D:7      | Bought a potion of flight for 42 gold pieces
  7968 | D:7      | Bought a potion of curing for 42 gold pieces
  8090 | D:8      | Found a hide-covered altar of Uskayaw.
  8098 | D:8      | Found a stormy altar of Qazlal.
  8098 | D:8      | Found a blossoming altar of Fedhas.
  8552 | D:7      | Found a radiant altar of Vehumet.
  8576 | D:7      | Reached skill level 9 in Dodging
  8647 | D:7      | Reached skill level 1 in Crossbows
  8743 | D:7      | Found a basalt altar of Yredelemnul.
  9143 | D:8      | Found Yram Veate's Food Shoppe.
  9186 | D:8      | Noticed Pikel
  9195 | D:8      | Killed Pikel
  9619 | D:8      | Reached skill level 10 in Dodging
 10045 | D:9      | Reached XP level 10. HP: 46/60 MP: 17/17
 10070 | D:9      | Reached skill level 5 in Crossbows
 10125 | D:9      | Reached *** piety under Elyvilon
 10187 | D:9      | Found a white marble altar of Elyvilon.
 10228 | D:9      | Got a smoking spear
 10230 | D:9      | Identified the +9 spear of Fundamental Breach {venom, -Tele Str+2 Dex+2} (You found it on level 9 of the Dungeon)
 10238 | D:9      | Found a hazy altar of Hepliaklqana.
 10243 | D:9      | Found a staircase to the Orcish Mines.
 11329 | D:10     | Entered Level 10 of the Dungeon
 11435 | D:10     | Noticed a hill giant
 11453 | D:10     | Pacified a hill giant
 11563 | D:10     | Reached skill level 11 in Dodging
 11637 | D:10     | Noticed a hill giant
 11653 | D:10     | Killed a hill giant
 11729 | D:10     | Found a deep blue altar of Sif Muna.
 11814 | D:10     | Reached skill level 10 in Invocations
 12078 | D:10     | Noticed a hill giant
 12088 | D:10     | Killed a hill giant
 12137 | D:10     | Found a staircase to the Lair.
 12335 | D:11     | Noticed a hill giant
 12372 | D:10     | Reached XP level 11. HP: 28/63 MP: 15/19
 12632 | D:11     | Killed a hill giant
 13028 | D:12     | Noticed Snorg
 13156 | D:12     | Found Louro's Quality Used Wands.
 13217 | D:12     | Reached skill level 12 in Dodging
 13273 | D:12     | Noticed a hill giant
 13286 | D:12     | Killed a hill giant
 13637 | D:12     | Noticed a deep elf mage
 13641 | D:12     | Killed a deep elf mage
 13902 | D:12     | Noticed a five-headed hydra
 14130 | D:12     | Killed a five-headed hydra
 14215 | D:12     | Noticed a purple ugly thing
 14232 | D:12     | Pacified a purple ugly thing
 14286 | D:12     | Killed Snorg
 14424 | D:13     | Noticed a white ugly thing
 14470 | D:13     | Killed a white ugly thing
 14596 | D:13     | Found a basalt altar of Yredelemnul.
 14875 | D:13     | Reached XP level 12. HP: 53/69 MP: 21/21
 14936 | D:13     | Reached skill level 10 in Crossbows
 15087 | D:13     | Noticed a vault guard
 15112 | D:13     | Reached skill level 13 in Dodging
 15211 | D:13     | Noticed a centaur warrior
 15231 | D:13     | Killed a centaur warrior
 15546 | D:13     | Pacified a vault guard
 15704 | D:13     | Found a gate to the Vaults.
 16596 | D:14     | Reached skill level 14 in Dodging
 16624 | D:14     | Noticed a fire dragon
 16628 | D:14     | Pacified a fire dragon
 16785 | D:14     | Noticed Frances
 16989 | D:14     | Killed Frances
 16989 | D:14     | Reached XP level 13. HP: 51/73 MP: 22/24
 17586 | D:15     | Entered Level 15 of the Dungeon
 17629 | D:15     | Found a staircase to the Depths.
 17629 | D:15     | Noticed an ettin
 17656 | D:15     | Pacified an ettin
 17896 | D:15     | Learned a level 3 spell: Ozocubu's Armour
 17900 | D:15     | Learned a level 3 spell: Confuse
 17904 | D:15     | Learned a level 3 spell: Dazzling Spray
 17910 | D:15     | Learned a level 3 spell: Tukima's Dance
 18058 | D:15     | Reached skill level 1 in Spellcasting
 18058 | D:15     | Reached skill level 1 in Hexes
 18700 | D:15     | Identified the Grimoire of Boosting Translocation
 18702 | D:15     | Killed from afar by a lindwurm

Skill      XL: |  1  2  3  4  5  6  7  8  9 10 11 12 13 |
---------------+----------------------------------------+-----
Fighting       | 3 4 5 7 |  7.2
Dodging        | 5 6 7 8 10 11 12 14 | 14.5
Invocations    | 1 2 4 5 6 8 10 11 13 | 13.8
Crossbows      | 4 7 9 11 12 | 12.4
Spellcasting   | 3 |  3.7
Hexes          | 3 |  3.4
Short Blades   | |  3.2
Stealth        | |  3.0

Action                   |  1- 3 |  4- 6 |  7- 9 | 10-12 | 13-15 || total
-------------------------+-------+-------+-------+-------+-------++-------
Melee: Short sword       |    23 |       |       |       |       ||    23
       Dagger            |   118 |   387 |   875 |    44 |       ||  1424
       Spear             |       |       |       |   532 |    65 ||   597
 Fire: Hand crossbow     |       |       |    97 |   344 |    48 ||   489
Throw: Tomahawk          |       |     2 |    10 |       |       ||    12
 Cast: Confuse           |       |       |       |       |     6 ||     6
Invok: Heal Other        |     1 |     8 |     6 |    27 |    12 ||    54
       Lesser Healing    |       |    21 |    45 |    51 |    13 ||   130
Evoke: Wand              |       |       |       |       |     2 ||     2
  Use: Potion            |     1 |     5 |     3 |     5 |     1 ||    15
       Scroll            |       |    10 |     6 |     8 |     1 ||    25
 Stab: Sleeping          |     9 |     5 |     7 |    12 |       ||    33
       Distracted        |     1 |       |     4 |     1 |       ||     6
       Confused          |       |       |       |       |     2 ||     2
  Eat: Fruit             |       |     3 |       |     5 |       ||     8
       Pizza             |       |     1 |       |     2 |       ||     3
       Bread ration      |       |     1 |     3 |     1 |     1 ||     6
       Royal jelly       |       |       |       |     4 |       ||     4
Armor: Robe              |     5 |    16 |    30 |    26 |     1 ||    78
Dodge: Dodged            |    64 |   220 |   537 |   778 |    78 ||  1677
